 Dungeon Crawl Stone Soup version 0.29-a0-284-gf9362112df (webtiles) character file.

Game seed: 2871102373608299451

1400 yunder69 the Skirmisher (level 8, 0/71 (73) HPs)
             Began as a Minotaur Berserker on Mar 25, 2022.
             Was a Follower of Trog.
             Slain by a water moccasin (2 damage)
             ... on level 6 of the Dungeon on Mar 26, 2022.
             The game lasted 00:24:53 (5566 turns).

yunder69 the Skirmisher (Minotaur Berserker)        Turns: 5566, Time: 00:24:54

HP:   0/71 (73)     AC: 12    Str: 22    XL:     8   Next: 41%
MP:   0/7           EV: 11    Int:  6    God:    Trog [*.....]
Gold: 216           SH:  0    Dex: 10    Spells: 7/7 levels left

rFire   + . .      SeeInvis .   a - +0 spear
rCold   + . .      Faith    .   (no shield)
rNeg    . . .      Spirit   +   y - +3 scale mail
rPois   +          Reflect  .   (helmet restricted)
rElec   +          Harm     .   (no cloak)
rCorr   +          Rampage  .   (no gloves)
Will    +....                   z - +0 pair of boots
Stlth   ..........              B - amulet of guardian spirit
HPRegen 0.21/turn               t - ring of willpower
MPRegen 0.10/turn               k - ring of resist corrosion

@: lethally poisoned (0 -> -2), resistant, mesmerised, lightly drained
A: horns 2, retaliatory headbutt
a: Renounce Religion, Berserk


You were on level 6 of the Dungeon.
You worshipped Trog.
Trog was aware of your devotion.
You visited 1 branch of the dungeon, and saw 6 of its levels.

You collected 216 gold pieces.

Inventory:

Hand Weapons
 a - a +0 spear (weapon)
 G - a +2 vorpal hand axe
 H - a +0 morningstar
 I - a +4 trident
Missiles
 j - a throwing net
 l - 153 stones (quivered)
 s - 3 boomerangs
Armour
 q - a +0 pair of boots
 y - a +3 scale mail (worn)
 z - a +0 pair of boots (worn)
 D - a +0 buckler
Jewellery
 k - a ring of resist corrosion (right hand)
 t - a ring of willpower (left hand)
 B - an amulet of guardian spirit (around neck)
 C - an amulet of regeneration
Scrolls
 c - 5 scrolls of identify {unknown}
 f - 2 scrolls of teleportation {unknown}
 g - 2 scrolls of enchant weapon {unknown}
 o - 2 scrolls of noise {unknown}
 u - a scroll of immolation {unknown}
 w - a scroll of blinking {unknown}
 x - a scroll of amnesia {unknown}
 E - a scroll of fog {unknown}
 F - a scroll of vulnerability {unknown}
Potions
 b - 2 potions of mutation {unknown}
 d - a potion of magic {unknown}
 e - 2 potions of brilliance {unknown}
 h - a potion of heal wounds {unknown}
 i - a potion of invisibility {unknown}
 m - a potion of haste {unknown}
 n - 3 potions of degeneration {unknown}
 p - 2 potions of curing {unknown}
 v - a potion of lignification {unknown}
 A - 2 potions of might {unknown}


   Skills:
 + Level 7.2 Fighting
 + Level 7.2 Polearms
 + Level 6.6 Armour
 + Level 6.0 Dodging


You had 7 spell levels left.
You didn't know any spells.
Your spell library was empty.

Dungeon Overview and Level Annotations

Branches:
Dungeon (6/15)
 Temple: D:4-7

Altars:
Dithmenos
Fedhas
Hepliaklqana
Makhleb
Nemelex Xobeh
Trog
Xom
Zin

Shops:
D:3 :   D:4 :

Annotations:
D:5 Eustachio
D:6 Maggie


Innate Abilities, Weirdness & Mutations

You have a pair of horns on your head.
You reflexively headbutt those who attack you in melee.


Message History

You cannot move away from Maggie!
Reach: a) +0 spear
Press: ? - help, Dir - move target, f - Maggie
Aim: Maggie, wielding a +0 glaive and wearing +0 acid dragon scales (mesmerising, about 35% to evade your +0 spear)
You reach to attack!
You hit Maggie.
Maggie is lightly wounded.
Your skin stops crawling.
You feel less strong-willed.
You feel sick.
The water moccasin bites you but does no damage.
Maggie barely misses you.
You barely miss the water moccasin.
The water moccasin is moderately wounded.
The water moccasin bites you!
* * * LOW HITPOINT WARNING * * *
Maggie gives herself a magical halo, but it quickly sputters out.
Maggie hits you from afar with a +0 glaive.
* * * LOW HITPOINT WARNING * * *
You hit the water moccasin.
Your headbutt misses the water moccasin.
The water moccasin is heavily wounded.
You feel sick.
The water moccasin bites you but does no damage.
You hit the water moccasin but do no damage.
The water moccasin is heavily wounded.
You feel sick.
The water moccasin bites you but does no damage.
Maggie hits you from afar with a +0 glaive!
* * * LOW HITPOINT WARNING * * *
You hit the water moccasin.
The water moccasin is severely wounded.
* * * LOW HITPOINT WARNING * * *
You feel sick. The water moccasin barely misses you. You furiously retaliate!
You headbutt the water moccasin, but do no damage.
Maggie misses you.
You hit the water moccasin but do no damage.
Your headbutt misses the water moccasin.
The water moccasin is severely wounded.
The water moccasin closely misses you. Maggie closely misses you.
The water moccasin bites you.
You die...

#.......#
###..[[..##
#..##.....##..
##....<........
#.............#
####.........#..
......#.........
.....##.....#...
.......@....##..
.......S....##...
.....#..@........
..........รท.....#
#...#...#.......#
#.. #?..#.......#
#...............#
...............
.............##


You could see Maggie (mesmerising) and a water moccasin.

Vanquished Creatures
  A water moccasin (D:6)
  2 sky beasts (D:5)
  A phantom (D:5)
  A bullfrog (D:6)
  A scorpion (D:5)
  4 necrophages (D:4)
  3 wights (D:6)
  6 hounds
  A jelly (D:4)
  3 orc priests (D:4)
  A scorpion zombie (D:4)
  An orc wizard (D:4)
  2 hound zombies (D:4)
  4 gnolls (D:4)
  4 adders
  3 worms
  A dart slug (D:3)
  7 orcs
  3 endoplasms
  3 giant cockroaches
  5 goblins
  4 hobgoblins
  2 quokkas
  3 ball pythons
  4 bats
  4 frilled lizards
  8 kobolds
  A rat (D:1)
83 creatures vanquished.

Vanquished Creatures (others)
  2 bushes (D:4)
  11 plants (D:4)
13 creatures vanquished.

Grand Total: 96 creatures vanquished

Notes
Turn   | Place    | Note
-------+----------+-------------------------------------------
     0 | D:1      | yunder69 the Minotaur Berserker began the quest for the
                  | Orb.
     0 | D:1      | Reached XP level 1. HP: 19/19 MP: 0/0
   528 | D:1      | Found a faded altar of an unknown god.
   547 | D:1      | Reached XP level 2. HP: 23/27 MP: 1/1
  1230 | D:2      | Found a sparkling altar of Nemelex Xobeh.
  2105 | D:3      | Found a shadowy altar of Dithmenos.
  2122 | D:3      | Reached XP level 3. HP: 25/33 MP: 2/2
  2299 | D:3      | Found a glowing silver altar of Zin.
  2384 | D:3      | Found a bloodstained altar of Trog.
  2459 | D:3      | Found a hazy altar of Hepliaklqana.
  2460 | D:3      | Found a shimmering altar of Xom.
  2461 | D:3      | Noticed a spectral ugly thing
  2721 | D:3      | Found Focval's Book Shop.
  2927 | D:4      | Reached XP level 4. HP: 41/41 MP: 3/3
  2930 | D:4      | Reached ** piety under Trog
  2936 | D:4      | Reached XP level 5. HP: 47/47 MP: 4/4
  2963 | D:4      | Found Comun's Book Shoppe.
  3235 | D:4      | Reached skill level 5 in Fighting
  3279 | D:4      | Found a blossoming altar of Fedhas.
  3345 | D:4      | Reached skill level 5 in Polearms
  3372 | D:4      | Reached XP level 6. HP: 56/56 MP: 5/5
  3699 | D:4      | Found a burning altar of Makhleb.
  3699 | D:4      | Noticed an Executioner
  3702 | D:4      | Noticed an orange demon
  3702 | D:4      | Noticed an orange demon
  3834 | D:4      | Reached skill level 5 in Armour
  3834 | D:4      | Reached XP level 7. HP: 52/62 MP: 6/6
  3990 | D:5      | Entered Level 5 of the Dungeon
  4020 | D:5      | Reached skill level 5 in Dodging
  4487 | D:5      | Noticed Eustachio
  4494 | D:5      | Reached XP level 8. HP: 71/71 MP: 7/7
  5536 | D:6      | Noticed Maggie
  5564 | D:6      | HP: 3/71 [Maggie/+0 glaive (9)]
  5566 | D:6      | Slain by a water moccasin

Illustrated notes

Levels and vault maps discovered:
D:1:      dpeg_arrival_another_circle, layout_basic, basic_ecumenical_altar,
          chequers_mini_garden, minmay_misc_feat_encased
D:2:      layout_basic, basic_altar
D:3:      layout_basic, regret_index_temple_of_mockery,
          trog_three_pillars_becter, mainiacjoe_overflow_boulevard,
          zin_scriptorium, serial_shops, nicolae_shop_hallway_stairs
D:4:      layout_rooms, makhleb_altar_promises_db, fedhas_altar_decomposition,
          serial_shops, shop, cheibrodos_gnoll_hut
D:5:      layout_cave_pools, cheibriados_altar_1, corner_web_ring,
          nicolae_concentric_dashed_squares_mild, uniq_eustachio, uniq_grinder
D:6:      layout_cave_pools, vehumet_crystals, serial_shops,
          nicolae_stop_n_shop_2, uniq_duvessa, uniq_sigmund, uniq_maggie

Skill      XL: |  1  2  3  4  5  6  7  8 |
---------------+-------------------------+-----
Fighting       | 4 5 6 7 |  7.2
Polearms       | 4 5 6 7 |  7.2
Armour         | 3 4 5 6 |  6.6
Dodging        | 3 4 5 6 |  6.0

Action                   |  1- 3 |  4- 6 |  7- 9 || total
-------------------------+-------+-------+-------++-------
Melee: Spear             |   105 |   140 |   169 ||   414
       Headbutt          |    15 |    18 |    28 ||    61
       Punch             |       |     1 |     1 ||     2
Throw: Stone             |       |    14 |     4 ||    18
       Boomerang         |       |     2 |       ||     2
Invok: Berserk           |     1 |     2 |     3 ||     6
       Trog's Hand       |       |       |     5 ||     5
  Use: Potion            |       |       |     2 ||     2
Armor: Animal skin       |     2 |       |       ||     2
       Ring mail         |     6 |     2 |       ||     8
       Scale mail        |       |    38 |    77 ||   115
Dodge: Dodged            |    36 |    42 |    82 ||   160

Table legend: (Time is in decaauts)
 A = Elapsed time spent in this place.
 B = Non-inter-level travel time spent in this place.
 C = Inter-level travel time spent in this place.
 D = Time resting spent in this place.
 E = Time spent auto-exploring this place.
 F = Levels seen in this place.
 G = Mean time per level.
                   A        B        C        D        E       F      G
               +--------+--------+--------+--------+--------+-----+--------+
         Total |   5556 |   4891 |    665 |   1380 |   2579 |   6 |  926.0 |
       Dungeon |   5556 |   4891 |    665 |   1380 |   2579 |   6 |  926.0 |
               +--------+--------+--------+--------+--------+-----+--------+

Top non-repeatable levels by time:
     D:4: 1316 daAuts
     D:1: 1143 daAuts
     D:6: 1054 daAuts
     D:3: 887 daAuts
     D:2: 880 daAuts
     D:5: 273 daAuts
